 Dungeon Sprint DCSS version 0.29-a0-598-gd8304a5bf4 (webtiles) character file.

Game seed: 4844193370010245887

277069 mhtbhm the Worldbinder (level 13, 69/69 HPs)
             Began as a Tengu Summoner on June 15, 2022.
             Was an Initiate of Gozag.
             Escaped with the Orb!
             The game lasted 00:34:43 (5422 turns).

mhtbhm the Worldbinder (Tengu Summoner)             Turns: 5422, Time: 00:34:44

Health: 69/69      AC: 14    Str: 10    XL:     13   Next: 4%
Magic:  52/52      EV: 18    Int: 21    God:    Gozag
Gold:   5471       SH:  0    Dex: 16    Spells: 14/53 levels left

rFire   + . .      SeeInvis .     - Unarmed
rCold   + . .      Faith    .   (no shield)
rNeg    + . .      Spirit   +   a - +4 moon troll leather armour {Spirit, Regen++ MP+5}
rPois   +          Reflect  .   (helmet restricted)
rElec   .          Harm     .   q - +2 cloak {Will+}
rCorr   +          Rampage  .   t - +1 pair of gloves "Xoseot" {+Inv rCorr MP+9}
Will    +....      NoTele   +   (boots unavailable)
Stlth   +.........              (no amulet)
HPRegen 1.81/turn               r - ring of poison resistance
MPRegen 0.33/turn               g - ring of Surobo {Wiz rF+ rC+ rN+ Int+3}

@: flying quickly and evasively, quick
A: beak, talons 3, nimble flight
0: Orb of Zot
a: Renounce Religion, Evoke Invisibility, Potion Petition, Call Merchant, Bribe
Branch


You escaped.
You worshipped Gozag.
Gozag was greatly pleased with you.
You visited 1 branch You collected 10632 gold pieces.
You spent 4546 gold pieces at shops.
You paid 615 gold pieces to Gozag.

Inventory:

Missiles
 c - a curare-tipped dart (quivered)
 l - 5 poisoned darts
Armour
 a - the +4 moon troll leather armour (worn) {Spirit, Regen++ MP+5}
   (You bought it in a shop in the Dungeon)

   MP:        It affects your magic capacity (+5).
   Regen:     It increases your rate of health regeneration.
 q - a +2 cloak of willpower (worn)
 t - the +1 pair of gloves "Xoseot" (worn) {+Inv rCorr MP+9}
   (You bought it in a shop in the Dungeon)

   MP:        It affects your magic capacity (+9).
   +Inv:      It lets you turn invisible.
   rCorr:     It protects you from acid and corrosion.
 B - the +3 salamander hide armour {Flames rF++ rC--}
   (You found it in the Dungeon)

   It surrounds you with a cloud of flames.
   It grants immunity to clouds of flame.
   It enhances your fire magic.
   rF:        It greatly protects you from fire.
   rC:        It makes you very vulnerable to cold.
Jewellery
 g - the ring of Surobo (right hand) {Wiz rF+ rC+ rN+ Int+3}
   (You acquired it in the Dungeon)

   [ring of wizardry]

   It improves your spell success rate.
   Int:       It affects your intelligence (+3).
   rF:        It protects you from fire.
   rC:        It protects you from cold.
   rN:        It protects you from negative energy.
 r - a ring of poison resistance (left hand)
 A - a +4 ring of evasion
Wands
 e - a wand of polymorph (7)
 y - a wand of digging (5)
Scrolls
 j - a scroll of poison
 m - a scroll of torment {unknown}
 p - 3 scrolls of fear {unknown}
 s - a scroll of amnesia {unknown}
 v - 2 scrolls of fog
 C - a scroll of enchant armour {unknown}
Potions
 b - 2 potions of magic
 d - 3 potions of heal wounds
 f - a potion of berserk rage
 h - 5 potions of curing
 i - a potion of ambrosia
 k - 2 potions of attraction
 n - 3 potions of brilliance
 o - 2 potions of resistance
 w - 2 potions of flight {unknown}
 x - 2 potions of lignification {unknown}
 z - a potion of haste
 D - a potion of mutation {unknown}


   Skills:
 + Level 3.5 Fighting
 + Level 3.0 Throwing
 + Level 4.7 Armour
 + Level 7.1 Dodging
 + Level 6.2 Stealth
 + Level 3.4 Unarmed Combat
 + Level 20.5 Spellcasting
 + Level 4.1 Hexes
 + Level 24.7 Summonings
 + Level 1.4 Translocations
 + Level 6.4 Ice Magic
 + Level 8.9 Air Magic
 + Level 1.4 Evocations


You had 14 spell levels left.
You knew the following spells:

 Your Spells              Type           Power      Damage    Failure   Level
a - Summon Small Mammal   Summ           100%       N/A       0%          1
b - Call Imp              Summ           90%        N/A       0%          2
c - Call Canine Familiar  Summ           90%        N/A       0%          3
d - Summon Guardian Gole  Hex/Summ       70%        N/A       0%          3
e - Summon Lightning Spi  Summ/Air       75%        N/A       1%          4
f - Summon Cactus Giant   Summ           45%        N/A       0%          6
g - Summon Ice Beast      Ice/Summ       72%        N/A       1%          4
h - Malign Gateway        Summ/Tloc      33%        N/A       4%          7
i - Dragon's Call         Summ           45%        N/A       4%          9

Your spell library contained the following spells:

 Spells                   Type           Power      Damage    Failure   Level
 Slow                     Hex            100%       N/A       1%          1
 Scorch                   Fire           42%        2d7       1%          2
 Confusing Touch          Hex            38%        N/A       1%          3
 Dazzling Flash           Conj/Hex       60%        N/A       1%          3
 Frozen Ramparts          Ice            96%        1d11      1%          3
 Tukima's Dance           Hex            38%        N/A       1%          3
 Monstrous Menagerie      Summ           45%        N/A       1%          7
 Cause Fear               Hex            19%        N/A       2%          4
 Vampiric Draining        Necr           21%        2d7       3%          3
 Ice Form                 Ice/Tmut       35%        N/A       3%          4
 Haunt                    Necr/Summ      32%        N/A       6%          7
 Flame Wave               Conj/Fire      21%        2d7       12%         4
 Storm Form               Tmut/Air       20%        N/A       80%         7
 Maxwell's Capacitive Co  Air            28%        ∞         86%         8
 Dragon Form              Tmut           10%        N/A       100%        7
 Animate Dead             Necr           Unusable   N/A       N/A         4
 Simulacrum               Ice/Necr       Unusable   N/A       N/A         6

Dungeon Overview and Level Annotations

Branches:
Dungeon (1/1)

Altars:
Cheibriados
Dithmenos
Elyvilon
Fedhas
Gozag
Hepliaklqana
Kikubaaqudgha
Makhleb
Nemelex Xobeh
Okawaru
Qazlal
Ru
Sif Muna
Trog
Uskayaw
Vehumet
Wu Jian
Xom
Yredelemnul
Zin
The Shining One
Jiyva
Lugonu

Shops:
D :[[*!*=(=[:*!(:[[:*

Annotations:
D Tiamat


Innate Abilities, Weirdness & Mutations

You have a beak for a mouth.
You have claws for feet.
Your magical nature lets you fly swiftly and evasively.


Message History

The damaged grate falls apart.
You see here the Orb of Zot.
You pick up the Orb of Zot!
The Orb lets out a hideous shriek!
The lords of Pandemonium are not amused.
Beware!
Now all you have to do is get back out of the dungeon!
You hear a roar!
Something screams, "I shall devour thy mind!"
Okay, then.
Blink to where?
Press: ? - help, Dir - move target
As you read the scroll of blinking, it crumbles to dust.
Things that are here:
a +0 great sword of flaming; a +0 great sword of flaming You see here a +1 great sword of flaming.
You see here a +1 great sword of flaming.
There is an open door here.
The daeva shouts!
There is an open door here.
There is an open door, spattered with blood here.
There is an open door here.
Your extra speed is starting to run out.
There is an open door here.
Things that are here:
a +0 robe; a +0 dagger
There is an open door, spattered with blood here.
Things that are here:
a +0 robe; a +1 dagger of venom
There is an open door here.
You see here a +0 mace.
You feel yourself slow down.
There is an open door, spattered with blood here.
There is an open door here.
You see here a +0 robe.
There is an open door, spattered with blood here.
You see here a +0 scythe.
You see here a +0 giant spiked club.
There is an open door here.
There is an open door, spattered with blood here.
There is a staircase leading out of the dungeon, spattered with blood here.
You have escaped!

##################
#@.#..'..#..'..#__
#..'..#.)).[#..'.)
#[.#####'#####'#__
#..####..#...#.###
#..#__####..##.#≈≈
#..#_____##)#_.'§§
#⌠⌠#_.∩...'..._#≈§
####_..__##_.#'##'
$$#_____###'#.#..


There were no monsters in sight!

Vanquished Creatures
  A lindwurm (D)
  A demonic crawler (D)
  A hornet (D)
  A floating eye (D)
  2 necrophages (D)
  A ballistomycete spore (D)
7 creatures vanquished.

Vanquished Creatures (collateral kills)
  the Lernaean hydra (D)
  A shadow dragon (D)
  4 fire giants (D)
  A deep elf annihilator (D)
  A mummy priest (D)
  A hydra (D)
  A centaur warrior (D)
  A deep troll (D)
  2 oklob plants (D)
  A merfolk siren (D)
  A gargoyle (D)
  5 unseen horrors (D)
  3 demonic crawlers (D)
  2 kobold demonologists (D)
  A hellwing (D)
  A slime creature (D)
  4 hornets (D)
  Sigmund (D)
  13 hogs (D)
  2 redbacks (D)
  2 floating eyes (D)
  An ogre (D)
  4 necrophages (D)
  8 jellies (D)
  Ijyb (D)
63 creatures vanquished.

Vanquished Creatures (others)
  A golden dragon (D)
  2 eldritch tentacles (D)
  A centaur warrior (D)
  Sonja (D)
  A merfolk siren (D)
  A gargoyle (D)
  2 unseen horrors (D)
  A yak (D)
  A necrophage (D)
  A ballistomycete spore (D)
12 creatures vanquished.

Grand Total: 82 creatures vanquished

Notes
Turn   | Place    | Note
-------+----------+-------------------------------------------
     0 | D        | mhtbhm the Tengu Summoner began the quest for the Orb.
     0 | D        | Reached XP level 1. HP: 10/10 MP: 4/4
     6 | D        | Noticed Ijyb
    22 | D        | Killed Ijyb
    23 | D        | Reached skill level 7 in Summonings
    23 | D        | Reached XP level 2. HP: 9/15 MP: 2/6
    23 | D        | Reached XP level 3. HP: 12/19 MP: 2/8
    36 | D        | Learned a level 2 spell: Call Imp
    40 | D        | Learned a level 3 spell: Call Canine Familiar
   151 | D        | Noticed an ogre
   157 | D        | Killed an ogre
   158 | D        | Reached skill level 10 in Summonings
   158 | D        | Reached XP level 4. HP: 24/24 MP: 2/11
   163 | D        | Noticed Sigmund
   173 | D        | Killed Sigmund
   174 | D        | Reached skill level 5 in Spellcasting
   174 | D        | Reached skill level 13 in Summonings
   174 | D        | Gained mutation: Your magical nature lets you fly swiftly
                  | and evasively. [Tengu growth]
   174 | D        | Reached XP level 5. HP: 28/28 MP: 4/13
   174 | D        | Reached XP level 6. HP: 32/32 MP: 4/14
   253 | D        | Learned a level 3 spell: Summon Guardian Golem
   258 | D        | Learned a level 4 spell: Summon Lightning Spire
   258 | D        | Found an ornate altar of the Wu Jian Council.
   258 | D        | Found a shimmering blue altar of Sif Muna.
   260 | D        | Found a radiant altar of Vehumet.
   357 | D        | Found Nyzeyc's Antique Armour Emporium.
   357 | D        | Found an ancient bone altar of Kikubaaqudgha.
   357 | D        | Found a hazy altar of Hepliaklqana.
   357 | D        | Found a stormy altar of Qazlal.
   357 | D        | Found a hide-covered altar of Uskayaw.
   357 | D        | Found a blossoming altar of Fedhas.
   357 | D        | Found a bloodstained altar of Trog.
   357 | D        | Found an iron altar of Okawaru.
   357 | D        | Found a basalt altar of Yredelemnul.
   357 | D        | Found a glowing golden altar of the Shining One.
   357 | D        | Found a snail-covered altar of Cheibriados.
   357 | D        | Found a sacrificial altar of Ru.
   357 | D        | Found a glowing silver altar of Zin.
   357 | D        | Found a shadowy altar of Dithmenos.
   357 | D        | Found a white marble altar of Elyvilon.
   357 | D        | Noticed a yak
   365 | D        | Killed a yak
   366 | D        | Reached skill level 14 in Summonings
   366 | D        | Reached XP level 7. HP: 36/36 MP: 9/17
   419 | D        | Found an opulent altar of Gozag.
   420 | D        | Found a sparkling altar of Nemelex Xobeh.
   427 | D        | Became a worshipper of Gozag Ym Sagoz the Greedy
   445 | D        | Noticed Sonja
   462 | D        | Killed Sonja
   463 | D        | Reached skill level 16 in Summonings
   463 | D        | Reached XP level 8. HP: 41/41 MP: 7/21
   493 | D        | Found Oqeirashoch's Book Boutique.
   501 | D        | Bought a book of Scorching for 300 gold pieces
   513 | D        | Noticed a deep troll
   709 | D        | Learned a level 6 spell: Summon Cactus Giant
   714 | D        | Learned a level 4 spell: Summon Ice Beast
   725 | D        | Killed a deep troll
   726 | D        | Reached skill level 5 in Stealth
   726 | D        | Reached skill level 1 in Hexes
   726 | D        | Reached skill level 17 in Summonings
   802 | D        | Found Utopul's Armour Emporium.
   854 | D        | Found a burning altar of Makhleb.
   854 | D        | Found a viscous altar of Jiyva.
   854 | D        | Found a shimmering altar of Xom.
   854 | D        | Found a corrupted altar of Lugonu.
   854 | D        | Noticed a slime creature
   867 | D        | Killed a slime creature
   868 | D        | Reached skill level 10 in Spellcasting
   868 | D        | Reached XP level 9. HP: 45/45 MP: 14/24
   947 | D        | Noticed a centaur warrior
   947 | D        | Noticed a centaur warrior
   954 | D        | Killed a centaur warrior
   955 | D        | Reached skill level 18 in Summonings
   955 | D        | Reached skill level 5 in Air Magic
   955 | D        | Reached skill level 1 in Evocations
   959 | D        | Killed a centaur warrior
   960 | D        | Reached skill level 1 in Unarmed Combat
   960 | D        | Reached skill level 19 in Summonings
   960 | D        | Reached skill level 1 in Ice Magic
  1127 | D        | Noticed a hornet
  1132 | D        | Paralysed by a hornet for 2 turns
  1135 | D        | Killed a hornet
  1152 | D        | Noticed an oklob plant
  1164 | D        | Killed an oklob plant
  1165 | D        | Reached XP level 10. HP: 48/50 MP: 10/27
  1570 | D        | Killed an unseen horror
  1576 | D        | Reached skill level 20 in Summonings
  1593 | D        | Found Moronu's Assorted Antiques.
  1593 | D        | Found Plog's Armour Shop.
  1593 | D        | Found Wovvuf's Distillery.
  1594 | D        | Killed an unseen horror
  1596 | D        | Reached skill level 5 in Dodging
  1654 | D        | Found Akeum's General Store.
  1654 | D        | Found Ciot's Jewellery Shop.
  1654 | D        | Found Cimy's Weapon Shoppe.
  1654 | D        | Found Biwkiru's Jewellery Boutique.
  1654 | D        | Found Bekk's Armour Emporium.
  1654 | D        | Found Jitepab's Book Shop.
  1654 | D        | Found Xeishevue's Assorted Antiques.
  1658 | D        | Found Jawala's Distillery.
  1659 | D        | Found Iruyqug's Book Emporium.
  1659 | D        | Found Ybroyryufo's Antique Weapon Boutique.
  1660 | D        | Found Xazaet's Antique Armour Emporium.
  1669 | D        | Bought an embroidered cloak for 142 gold pieces
  1669 | D        | Bought a glowing cloak for 142 gold pieces
  1706 | D        | Bought the +4 moon troll leather armour {Spirit, Regen++
                  | MP+5} for 1526 gold pieces
  1706 | D        | Found the +4 moon troll leather armour {Spirit, Regen++
                  | MP+5}
  1772 | D        | Bought a ring of poison resistance for 220 gold pieces
  1832 | D        | Noticed a kobold demonologist
  1839 | D        | Noticed a soul eater
  1839 | D        | Killed a kobold demonologist
  1854 | D        | Noticed a kobold demonologist
  1856 | D        | Killed a kobold demonologist
  1903 | D        | Noticed a demonic crawler
  1903 | D        | Noticed a demonic crawler
  1903 | D        | Noticed a demonic crawler
  1903 | D        | Noticed a demonic crawler
  1909 | D        | Noticed a gargoyle
  1933 | D        | Killed a gargoyle
  1934 | D        | Reached skill level 1 in Fighting
  2181 | D        | Killed a demonic crawler
  2182 | D        | Reached skill level 1 in Armour
  2189 | D        | Killed a demonic crawler
  2190 | D        | Reached skill level 21 in Summonings
  2196 | D        | Killed a demonic crawler
  2197 | D        | Reached XP level 11. HP: 56/56 MP: 12/30
  2270 | D        | Reached skill level 15 in Spellcasting
  2675 | D        | Noticed a lindwurm
  2700 | D        | Killed a lindwurm
  2783 | D        | Reached skill level 1 in Throwing
  2831 | D        | Noticed a 12-headed hydra
  3009 | D        | Killed a 12-headed hydra
  3256 | D        | Bought the +1 pair of gloves "Xoseot" {+Inv rCorr MP+9} for
                  | 480 gold pieces
  3261 | D        | Bought 2 potions of heal wounds for 100 gold pieces
  3261 | D        | Bought a scroll of blinking for 75 gold pieces
  3287 | D        | Bought a scroll of fog for 20 gold pieces
  3287 | D        | Bought a scroll of identify for 20 gold pieces
  3293 | D        | Bought a metallic cyan potion for 21 gold pieces
  3293 | D        | Bought a scroll of identify for 48 gold pieces
  3293 | D        | Bought a yellow potion for 21 gold pieces
  3307 | D        | Bought a scroll labelled BUXEODAOBB for 28 gold pieces
  3307 | D        | Bought a scroll labelled JYCOPL JULONI for 28 gold pieces
  3307 | D        | Bought a scroll labelled JYCOPL JULONI for 28 gold pieces
  3307 | D        | Bought a yellow potion for 25 gold pieces
  3341 | D        | Bought a wizard robe for 108 gold pieces
  3341 | D        | Identified the +1 robe "Noyqulax" {Harm rPois rC-} (You
                  | bought it in a shop in the Dungeon)
  3435 | D        | Noticed a daeva
  3615 | D        | Reached skill level 22 in Summonings
  4171 | D        | Noticed a shadow dragon
  4171 | D        | Noticed a golden dragon
  4196 | D        | Killed a shadow dragon
  4206 | D        | Killed a golden dragon
  4207 | D        | Reached skill level 5 in Ice Magic
  4207 | D        | Reached XP level 12. HP: 33/64 MP: 5/35
  4305 | D        | Got Sif Muna's Disquisition on the Evil Entourage
  4371 | D        | Found Qunuast's General Store.
  4389 | D        | Bought a potion of heal wounds for 50 gold pieces
  4389 | D        | Bought Uschoceg's Almanac of Calling for 460 gold pieces
  4389 | D        | Bought a scroll of identify for 20 gold pieces
  4389 | D        | Bought a scroll of identify for 20 gold pieces
  4389 | D        | Bought a scroll of identify for 20 gold pieces
  4392 | D        | Acquired the ring of Surobo {Wiz rF+ rC+ rN+ Int+3}
  4409 | D        | Bought a book of the Dragon for 644 gold pieces
  4417 | D        | Learned a level 7 spell: Malign Gateway
  4427 | D        | Learned a level 9 spell: Dragon's Call
  4545 | D        | Reached skill level 23 in Summonings
  4551 | D        | Noticed a deep elf annihilator
  4554 | D        | Killed a deep elf annihilator
  4566 | D        | Noticed a mummy priest
  4575 | D        | Killed a mummy priest
  4757 | D        | Noticed the 27-headed Lernaean hydra
  4765 | D        | Killed the 27-headed Lernaean hydra
  4766 | D        | Reached skill level 24 in Summonings
  4766 | D        | Reached skill level 1 in Translocations
  4846 | D        | Identified the +9 scale mail "Megarag" {rPois Will+ Int+4}
  4846 | D        | Noticed a deep elf master archer
  4998 | D        | Found the +3 salamander hide armour {Flames rF++ rC--}
  5016 | D        | Identified the +9 dagger of Checks and Balances {elec,
                  | Will+}
  5018 | D        | Got the Volume of Enchantment
  5215 | D        | Noticed a fire giant
  5219 | D        | Killed a fire giant
  5219 | D        | Noticed a fire giant
  5223 | D        | Noticed a fire giant
  5224 | D        | Noticed a fire giant
  5225 | D        | Killed a fire giant
  5232 | D        | Killed a fire giant
  5234 | D        | Killed a fire giant
  5235 | D        | Reached XP level 13. HP: 69/69 MP: 20/38
  5284 | D        | Found the +4 dragonskin cloak
  5284 | D        | Noticed Tiamat
  5359 | D        | Got the Orb of Zot
  5422 | D        | Escaped with the Orb!

Illustrated notes

Levels and vault maps discovered:
D:        dungeon_sprint_1 [red_sonja_temple_1, red_sonja_temple_small_1]

Skill      XL: |  1  2  3  4  5  6  7  8  9 10 11 12 |
---------------+-------------------------------------+-----
Summonings     | 7 10 13 14 16 17 19 21 22 24 | 24.7
Dodging        | 3 4 5 6 7 |  7.1
Spellcasting   | 4 5 6 8 10 12 14 18 20 | 20.5
Stealth        | 3 4 5 6 |  6.2
Air Magic      | 2 4 6 7 8 |  8.9
Hexes          | 1 2 3 4 |  4.1
Evocations     | 1 |  1.4
Unarmed Combat | 1 2 3 |  3.4
Ice Magic      | 1 2 5 6 |  6.4
Fighting       | 1 3 |  3.5
Armour         | 1 4 |  4.7
Throwing       | 1 3 |  3.0
Translocations | 1 |  1.4

Action                   |  1- 3 |  4- 6 |  7- 9 | 10-12 | 13-15 || total
-------------------------+-------+-------+-------+-------+-------++-------
Melee: Unarmed           |       |       |     1 |    26 |       ||    27
       Kick              |       |       |       |     9 |       ||     9
       Peck              |       |       |       |     8 |       ||     8
       Punch             |       |       |       |     1 |       ||     1
Throw: Dart              |       |       |     1 |     5 |       ||     6
 Cast: Summon Small Mamm |     5 |       |     1 |     4 |       ||    10
       Call Canine Famil |     1 |     1 |     1 |    13 |       ||    16
       Call Imp          |     1 |       |     2 |     5 |       ||     8
       Summon Lightning  |       |     2 |     6 |    16 |       ||    24
       Summon Guardian G |       |     1 |     4 |    17 |       ||    22
       Summon Cactus Gia |       |       |     4 |    15 |       ||    19
       Summon Ice Beast  |       |       |     2 |    17 |       ||    19
       Dragon's Call     |       |       |       |     3 |       ||     3
       Malign Gateway    |       |       |       |     2 |       ||     2
Invok: Call Merchant     |       |       |       |     1 |       ||     1
Evoke: Wand              |       |       |     1 |       |     1 ||     2
  Use: Potion            |     1 |       |     2 |     4 |     1 ||     8
       Scroll            |       |     1 |       |     7 |     1 ||     9
 Stab: Sleeping          |       |       |     1 |       |       ||     1
       Distracted        |       |       |       |     1 |       ||     1
Armor: Robe              |       |       |       |     5 |       ||     5
       Troll leather arm |       |       |       |    50 |       ||    50
Dodge: Dodged            |       |       |     4 |    75 |       ||    79

Table legend: (Time is in decaauts)
 A = Elapsed time spent in this place.
 B = Non-inter-level travel time spent in this place.
 C = Inter-level travel time spent in this place.
 D = Time resting spent in this place.
 E = Time spent auto-exploring this place.
 F = Levels seen in this place.
 G = Mean time per level.
                   A        B        C        D        E       F      G
               +--------+--------+--------+--------+--------+-----+--------+
         Total |   5218 |   5218 |      0 |   2790 |      0 |   1 | 5218.0 |
       Dungeon |   5218 |   5218 |      0 |   2790 |      0 |   1 | 5218.0 |
               +--------+--------+--------+--------+--------+-----+--------+

Top non-repeatable levels by time:
       D: 5218 daAuts
